 Dungeon Crawl Stone Soup version 0.30-a0-1163-gf69bf04e7a (webtiles) character file.

Game seed: 16360287097029661493

1001 graymark the Trooper (level 8, -5/74 HPs)
             Began as a Naga Fighter on Apr 28, 2023.
             Was an Initiate of Makhleb.
             Slain by Menkaure (15 damage)
             ... on level 6 of the Dungeon.
             The game lasted 00:14:22 (5196 turns).

graymark the Trooper (Naga Fighter)                 Turns: 5196, Time: 00:14:23

Health: -5/74      AC:  7    Str: 22      XL:     8   Next: 20%
Magic:  8/8        EV:  8    Int:  8      God:    Makhleb [......]
Gold:   385        SH:  4    Dex:  8 (10) Spells: 7/7 levels left

rFire   . . .        n - +0 dagger (holy)
rCold   . . .        c - +0 buckler
rNeg    . . .        b - +0 scale mail
rPois   +            p - +0 helmet
rElec   .            (no cloak)
rCorr   .            (no gloves)
SInv    +            (no barding)
Will    +....        (no amulet) Stlth
                     (no ring)
HPRegen 0.32/turn    (no ring)
MPRegen 0.11/turn

%: no passive effects
@: very slow
A: AC +2, large, see invisible, deformed body, poison resistance, slowness 2,
spit poison 1, naga tail 1
a: Spit Poison, Renounce Religion


You were on level 6 of the Dungeon.
You worshipped Makhleb.
Makhleb was noncommittal.
You visited 2 branches of the dungeon, and saw 7 of its levels.

You collected 385 gold pieces.

Inventory:

Hand Weapons
 a - a +0 war axe
 n - a +0 dagger of holy wrath (weapon)
 w - a +2 war axe
Armour
 b - a +0 scale mail (worn)
 c - a +0 buckler (worn)
 p - a +0 helmet (worn)
Magical Staves
 l - a staff of fire
Jewellery
 s - an amulet of faith
 y - a ring of wizardry
Wands
 g - a wand of flame (24)
Scrolls
 h - a scroll of butterflies
 i - a scroll of teleportation
Potions
 d - a potion of might
 e - 5 potions of heal wounds
 f - 5 potions of curing
 j - 2 potions of invisibility
 m - a potion of lignification {unknown}
 o - a potion of haste {unknown}
 r - a potion of cancellation {unknown}
 t - a potion of magic {unknown}
 z - a potion of degeneration {unknown}


   Skills:
 + Level 5.0 Fighting
 + Level 4.5 Axes
 + Level 4.1 Armour
 + Level 3.1 Dodging
 + Level 4.6 Shields


You had 7 spell levels left.
You didn't know any spells.
Your spell library contained the following spells:

 Spells                   Type           Power      Damage    Failure   Level
 Slow                     Hex            0%         N/A       80%         1
 Confusing Touch          Hex            0%         N/A       99%         3
 Vampiric Draining        Necr           0%         2d6       99%         3


Dungeon Overview and Level Annotations

Branches:
Dungeon (6/15)             Temple (1/1) D:5

Altars:
Ashenzari
Cheibriados
Dithmenos
Elyvilon
Fedhas
Hepliaklqana
Kikubaaqudgha
Makhleb
Nemelex Xobeh
Okawaru
Qazlal
Sif Muna
Uskayaw
Vehumet
Xom
Yredelemnul
Zin
The Shining One

Annotations:
D:2 exclusion: 2 downstairs
D:6 Menkaure


Innate Abilities, Weirdness & Mutations

Your serpentine skin is tough. (AC +2)
You have supernaturally acute eyesight. (SInv)
Armour fits poorly on your strangely shaped body.
Your system is resistant to poisons. (rPois)
You cover ground very slowly.
You can spit poison.
You have a snake-like lower body.


Message History

Makhleb accepts your kill.
No target in view!
Found a scale mail.
No target in view!
As you open the door, it creaks loudly!
You hear a shout! x2
Menkaure, Prince of Dust comes into view.
Menkaure calls on the powers of darkness!
Your body is wracked with pain!
There is an open door here.
You close the door.
Your +0 dagger of holy wrath softly glows with a divine radiance!
n - a +0 dagger of holy wrath (weapon)
You start resting.
Menkaure, Prince of Dust opens the door.
You block Menkaure's attack.
A jelly comes into view.
There is a broken door here.
You closely miss Menkaure.
The jelly quivers.
Menkaure calls on the powers of darkness!
Your body is wracked with pain!
* * * LOW HITPOINT WARNING * * *
You hit Menkaure.
Menkaure convulses.
Menkaure is moderately damaged.
Menkaure mumbles some strange words.
Menkaure seems to speed up.
You hit Menkaure.
Menkaure convulses.
Menkaure is moderately damaged.
Menkaure hits you.
* * * LOW HITPOINT WARNING * * *
You hit Menkaure but do no damage.
Menkaure is moderately damaged.
Menkaure calls on the powers of darkness!
Your body is wracked with pain!
* * * LOW HITPOINT WARNING * * *
The jelly convulses!
You hit Menkaure but do no damage.
Menkaure is moderately damaged.
Menkaure hits you!
You die...

.# ... ##.# .?..
...##... #...... .. ..
#....# .#+#.## #..J.#
..#... #.# #....#
+####.#.####...##....#
.#.............M@..[.#
........####.####....#
........# #......#
........# #.....##
........# #.....#
........### #.....#
..........# #.....#
..........# #.....###
..........#####.........


You could see Menkaure (fast) and a jelly.

Vanquished Creatures
  Edmund (D:6)
  2 water moccasins
  An ogre (D:5)
  A phantom (D:5)
  A bullfrog zombie (D:5)
  A hound (D:4)
  A quasit (D:5)
  A jelly (D:6)
  Ijyb (D:2)
  Natasha (thrice) (D:4)
  A hound zombie (D:5)
  Robin (D:3)
  9 gnolls
  6 adders
  A white imp (D:6)
  A worm (D:3)
  3 dart slugs
  8 orcs
  7 ball pythons
  10 bats
  6 endoplasms
  3 giant cockroaches
  11 goblins
  10 hobgoblins
  7 jackals
  A kobold (D:1)
  2 frilled lizards
  A goblin skeleton (D:5)
  2 goblin zombies (D:5)
  2 hobgoblin zombies (D:5)
  2 kobold skeletons (D:5)
  An orc zombie (D:5)
  4 rats
112 creatures vanquished.

Notes
Turn   | Place    | Note
-------+----------+-------------------------------------------
     0 | D:1      | graymark the Naga Fighter began the quest for the Orb.
     0 | D:1      | Reached XP level 1. HP: 21/21 MP: 1/1
   117 | D:1      | Reached XP level 2. HP: 28/28 MP: 2/2
   347 | D:1      | Reached XP level 3. HP: 34/34 MP: 3/3
  1063 | D:2      | Reached skill level 1 in Dodging
  1294 | D:3      | Noticed Ijyb
  1294 | D:3      | Noticed Robin
  1366 | D:2      | Killed Ijyb
  1367 | D:2      | Reached XP level 4. HP: 15/42 MP: 4/4
  1560 | D:3      | Killed Robin
  1647 | D:3      | Reached XP level 5. HP: 44/48 MP: 5/5
  1750 | D:3      | Found a faded altar of an unknown god.
  2611 | D:4      | Reached XP level 6. HP: 54/57 MP: 6/6
  2753 | D:4      | Noticed Natasha
  2762 | D:4      | Killed Natasha
  2763 | D:4      | Reached skill level 4 in Fighting
  3070 | D:4      | Noticed Natasha
  3077 | D:4      | Killed Natasha
  3353 | D:4      | Noticed Natasha
  3369 | D:4      | Killed Natasha
  3524 | D:5      | Entered Level 5 of the Dungeon
  3558 | D:5      | Noticed a water moccasin
  3589 | D:5      | Killed a water moccasin
  3590 | D:5      | Reached XP level 7. HP: 26/66 MP: 7/7
  3737 | D:5      | Found a white marble altar of Elyvilon.
  3737 | D:5      | Found a hazy altar of Hepliaklqana.
  3892 | D:5      | Found a radiant altar of Vehumet.
  4015 | D:5      | Found a staircase to the Ecumenical Temple.
  4147 | Temple   | Entered the Ecumenical Temple
  4213 | Temple   | Became a worshipper of Makhleb the Destroyer
  4309 | D:5      | Found a glowing golden altar of the Shining One.
  4761 | D:5      | Found a basalt altar of Yredelemnul.
  4851 | D:6      | Noticed Edmund
  4866 | D:6      | Killed Edmund
  4867 | D:6      | Reached XP level 8. HP: 44/73 MP: 8/8
  4975 | D:6      | Reached skill level 5 in Fighting
  5184 | D:6      | Noticed Menkaure
  5196 | D:6      | Slain by Menkaure

Illustrated notes

Levels and vault maps discovered:
D:1:      psy_arrival_fountain, layout_basic, minmay_stone_trees_large
D:2:      layout_rooms, minivault_4
D:3:      layout_rooms, hellmonk_ecumenical_altar_run_dry, nicolae_goblin_pals
D:4:      layout_basic, uniq_natasha
D:5:      layout_basic, lemuel_zombie_altar_yredelemnul,
          nicolae_tso_besieged_by_evil, old_standard_altar,
          jmf_multi_god_temple, minmay_temple_entry_glass
D:6:      layout_basic, mainiacjoe_overflow_cross_hatched, serial_shops,
          nicolae_shop_rolling_square, reono_crystal_passage,
          chequers_mini_garden, uniq_edmund, uniq_menkaure
Temple:   cyrus_circular_temple

Skill      XL: |  1  2  3  4  5  6  7  8 |
---------------+-------------------------+-----
Shields        | 3 4 |  4.6
Dodging        | 1 2 3 |  3.1
Armour         | 3 4 |  4.1
Axes           | 3 4 |  4.5
Fighting       | 4 5 |  5.0

Action                     |  1- 3 |  4- 6 |  7- 9 || total
---------------------------+-------+-------+-------++-------
  Melee: War axe           |   112 |   174 |   134 ||   420
         Dagger            |       |       |     5 ||     5
Ability: Spit Poison       |     2 |     4 |     2 ||     8
  Evoke: Wand              |       |     6 |       ||     6
    Use: Scroll            |     1 |       |     9 ||    10
         Potion            |       |     2 |     1 ||     3
 Armour: Scale mail        |    61 |   103 |    92 ||   256
  Dodge: Dodged            |    57 |    91 |    72 ||   220
  Block: Buckler           |    30 |    45 |    38 ||   113

Table legend: (Time is in decaauts)
 A = Elapsed time spent in this place.
 B = Non-inter-level travel time spent in this place.
 C = Inter-level travel time spent in this place.
 D = Time resting spent in this place.
 E = Time spent auto-exploring this place.
 F = Levels seen in this place.
 G = Mean time per level.
                   A        B        C        D        E       F      G
               +--------+--------+--------+--------+--------+-----+--------+
         Total |   6656 |   6186 |    470 |   1001 |   3682 |   7 |  950.9 |
       Dungeon |   6558 |   6116 |    442 |   1001 |   3623 |   6 | 1093.0 |
        Temple |     98 |     70 |     28 |      0 |     59 |   1 |   98.0 |
               +--------+--------+--------+--------+--------+-----+--------+

Top non-repeatable levels by time:
     D:4: 1880 daAuts
     D:5: 1472 daAuts
     D:2: 1007 daAuts
     D:1: 973 daAuts
     D:3: 832 daAuts
     D:6: 392 daAuts
  Temple: 98 daAuts
